[Event "Titled Tuesday Blitz September 28 2021"]
[White "Gvanceladze, Anna"]
[Black "Erdogdu, Mert"]
[WhiteFideId "4113721"]
[BlackFideId "6301495"]
[WhiteElo "1927"]
[BlackElo "2485"]
[Result "0-1"]
[Round "01"]
[TimeControl "180+1"]
[Date "2021.09.28"]
[WhiteClock "0:00:07"]
[BlackClock "0:00:11"]

1. e4 c5 2. Nf3 d6 3. Nc3 Nf6 4. d4 cxd4 5. Nxd4 a6 6. Bg5 e6 7. Qe2 Be7 8. f4 h6 9. Bxf6 Bxf6 10. O-O-O Qc7 11. g4 Nc6 12. Nb3 b5 13. Bg2 Bb7 14. Rhe1 Bxc3 15. bxc3 Rc8 16. e5 dxe5 17. fxe5 O-O 18. Kb2 Nxe5 19. Bxb7 Nc4+ 20. Ka1 Qxb7 21. g5 hxg5 22. Rg1 Rfd8 23. Rxg5 Rxd1+ 24. Qxd1 Qc7 25. Qg1 f6 26. Rg3 Rd8 27. Nd4 Qd7 28. Rd3 Qa7 29. Qg4 Qb7 30. Qxe6+ Qf7 31. Qg4 Re8 32. Rd1 Ne3 33. Qe2 Nxd1 34. Qxd1 Qe7 35. Kb2 b4 36. Qd3 bxc3+ 37. Qxc3 Qe5 38. Qc4+ Kf8 39. c3 Qxh2+ 40. Ka3 Qd6+ 41. Kb3 Rb8+ 42. Kc2 Qb6 43. Ne6+ Ke7 44. Nc5 Qb1+ 45. Kd2 Rb2+ 46. Ke3 Qg1+ 47. Ke4 Qg4+ 48. Kd5 Qxc4+ 49. Kxc4 Rxa2 0-1


[Site "https://www.chess.com"]

[Event "Titled Tuesday Blitz September 28 2021"]
[White "Hansen, Eric"]
[Black "Federzoni, Enzo"]
[WhiteFideId "2606771"]
[BlackFideId "2173301"]
[WhiteElo "2568"]
[BlackElo "1956"]
[Result "1-0"]
[Round "01"]
[TimeControl "180+1"]
[Date "2021.09.28"]
[WhiteClock "0:02:17"]
[BlackClock "0:01:52"]

1. Nf3 Nf6 2. g3 g6 3. Bg2 Bg7 4. O-O O-O 5. c4 d6 6. Nc3 Nbd7 7. d4 e5 8. e4 exd4 9. Nxd4 Re8 10. Re1 Nc5 11. f3 h6 12. Be3 a6 13. Qd2 Kh7 14. Rad1 Bd7 15. Bf2 Rb8 16. b4 Ne6 17. Nb3 Qe7 18. Nd5 Qd8 19. Nc3 Qe7 20. c5 dxc5 21. Nd5 Qd6 22. bxc5 Qe5 23. f4 Qh5 24. Nxf6+ Bxf6 25. Qxd7 Rbd8 26. Qxf7+ Ng7 27. Rxd8 Rxd8 28. Qxf6 Rd1 1-0


[Site "https://www.chess.com"]

[Event "Titled Tuesday Blitz September 28 2021"]
[White "Havanecz, Bianka"]
[Black "Rozman, Levy"]
[WhiteFideId "704814"]
[BlackFideId "2039877"]
[WhiteElo "2378"]
[BlackElo "2376"]
[Result "0-1"]
[Round "01"]
[TimeControl "180+1"]
[Date "2021.09.28"]
[WhiteClock "0:00:01"]
[BlackClock "0:00:06"]

1. d4 g6 2. c4 Bg7 3. Nc3 c5 4. e3 Nf6 5. Nf3 cxd4 6. exd4 d5 7. c5 O-O 8. Be2 b6 9. cxb6 axb6 10. O-O Nc6 11. Re1 Bf5 12. Qb3 Na5 13. Qb5 Bd7 14. Qb4 e6 15. Ne5 Re8 16. Nxd7 Nxd7 17. Bb5 Bf8 18. Qa4 Nc4 19. Qd1 Nd6 20. Bd3 Bg7 21. Be3 Qe7 22. Rc1 Rec8 23. a3 Nc4 24. Qe2 Qd8 25. Nb5 Nxe3 26. Qxe3 Qe7 27. Bf1 h5 28. Rxc8+ Rxc8 29. Rc1 Qd8 30. Rxc8 Qxc8 31. Qc3 Qb8 32. g3 h4 33. a4 e5 34. dxe5 Nxe5 35. Bg2 h3 36. Bxh3 d4 37. Qb4 d3 38. Bf1 d2 39. Be2 Qd8 40. Qb3 Bf8 41. Nc3 Bc5 42. Ne4 Qd4 43. Nxc5 Qxc5 44. Qd1 Qb4 45. b3 Kg7 46. Kg2 f6 47. f4 Nc6 48. Kf2 Qd4+ 49. Kf3 Qc3+ 0-1


[Site "https://www.chess.com"]

[Event "Titled Tuesday Blitz September 28 2021"]
[White "Hess, Robert"]
[Black "Omariev, Maksim"]
[WhiteFideId "2022036"]
[BlackFideId "4193423"]
[WhiteElo "2557"]
[BlackElo "2449"]
[Result "0-1"]
[Round "01"]
[TimeControl "180+1"]
[Date "2021.09.28"]
[WhiteClock "0:00:05"]
[BlackClock "0:00:07"]

1. e4 c5 2. Nc3 d6 3. Nf3 a6 4. d4 cxd4 5. Nxd4 Nf6 6. Bg5 Nbd7 7. Qd2 b5 8. f3 Bb7 9. a4 b4 10. Na2 a5 11. Bb5 e6 12. c3 bxc3 13. Nxc3 Be7 14. Bc6 Qb6 15. Bxb7 Qxb7 16. Ndb5 O-O 17. O-O Rfd8 18. Be3 Nb6 19. Qe2 Rac8 20. Rfd1 d5 21. e5 Nfd7 22. Bd4 Nc5 23. Bxc5 Bxc5+ 24. Kh1 Bb4 25. Rd4 Qe7 26. Rg4 h5 27. Rd4 Qg5 28. f4 Qf5 29. Rf1 Rc4 30. Rxc4 Nxc4 31. Nd4 Qg4 32. Qxg4 hxg4 33. Nd1 Rc8 34. Rf2 Nb6 35. Rc2 Rxc2 36. Nxc2 Nxa4 37. b3 Nc5 38. Nd4 Kf8 39. g3 Ke7 40. Kg2 f6 41. Kf1 fxe5 42. Nc6+ Kd6 43. Nxe5 Nxb3 44. Nb2 Bc3 45. Ned3 Bxb2 46. Nxb2 Kc5 47. Ke2 Kb4 48. Nd3+ Kc3 49. Nf2 a4 50. Nd1+ Kc2 51. Ne3+ Kb2 52. Kd3 a3 53. Nd1+ Kb1 54. Nc3+ Kc1 55. Na2+ Kb2 56. Nb4 a2 57. Nxa2 Kxa2 58. Kc3 d4+ 59. Kd3 Kb2 60. h4 gxh3 0-1


[Site "https://www.chess.com"]

[Event "Titled Tuesday Blitz September 28 2021"]
[White "Holt, Conrad"]
[Black "Patrascu, Catalin-Lucian"]
[WhiteFideId "2034387"]
[BlackFideId "1229052"]
[WhiteElo "2586"]
[BlackElo "2120"]
[Result "1-0"]
[Round "01"]
[TimeControl "180+1"]
[Date "2021.09.28"]
[WhiteClock "0:02:47"]
[BlackClock "0:02:32"]

1. d4 Nf6 2. c4 e6 3. Nc3 Bb4 4. Qc2 O-O 5. e4 d5 6. e5 Ne4 7. Bd3 c5 8. Nf3 cxd4 9. Nxd4 Nd7 10. Bf4 Ndc5 11. O-O Bxc3 12. bxc3 Qh4 13. g3 Qh5 14. Be2 Qh3 15. f3 g5 16. fxe4 gxf4 17. Rxf4 Nxe4 18. Rh4 1-0


[Site "https://www.chess.com"]

[Event "Titled Tuesday Blitz September 28 2021"]
[White "Ibrahimli, Murad"]
[Black "Estrada Nieto, Julian"]
[WhiteFideId "13410229"]
[BlackFideId "5101018"]
[WhiteElo "2109"]
[BlackElo "2270"]
[Result "1/2-1/2"]
[Round "01"]
[TimeControl "180+1"]
[Date "2021.09.28"]
[WhiteClock "0:00:29"]
[BlackClock "0:00:14"]

1. Nf3 d5 2. c4 d4 3. g3 Nc6 4. Bg2 e5 5. d3 Nf6 6. O-O Be7 7. Na3 O-O 8. Nc2 a5 9. b3 Re8 10. a3 Bg4 11. Rb1 Qd7 12. b4 axb4 13. axb4 e4 14. b5 exf3 15. bxc6 fxe2 16. cxd7 exd1=Q 17. dxe8=Q+ Rxe8 18. Rxd1 Bxd1 19. Nxd4 Bc5 20. Be3 Bxd4 21. Bxd4 Be2 22. Bxf6 gxf6 23. Rxb7 Bxd3 24. Bd5 Re7 25. Kg2 Kg7 26. g4 f5 27. h3 fxg4 28. hxg4 Kf6 29. Kg3 Ke5 30. Rb8 Kd4 31. Rd8 Kc5 32. Bxf7 Rxf7 33. Rxd3 Kxc4 34. Rd1 c5 35. f4 Kb3 36. Rd8 c4 37. Rb8+ Kc2 38. Rc8 c3 39. f5 Kd2 40. Rd8+ Kc1 41. Kf4 c2 42. g5 Rb7 43. g6 hxg6 44. fxg6 Kb1 45. Rc8 c1=Q+ 46. Rxc1+ Kxc1 47. Kf5 Kd2 48. Kf6 Kd3 49. g7 Rb8 50. Kf7 Kd4 51. g8=Q Rxg8 52. Kxg8 1/2-1/2


[Site "https://www.chess.com"]

[Event "Titled Tuesday Blitz September 28 2021"]
[White "Jain Kashish Manoj"]
[Black "Le, Tuan Minh"]
[WhiteFideId "35081098"]
[BlackFideId "12401153"]
[WhiteElo "1681"]
[BlackElo "2450"]
[Result "1-0"]
[Round "01"]
[TimeControl "180+1"]
[Date "2021.09.28"]
[WhiteClock "0:00:12"]
[BlackClock "0:00:01"]

1. Nf3 d5 2. g3 Nf6 3. Bg2 Bg4 4. O-O c6 5. d3 Nbd7 6. h3 Bh5 7. Qe1 e5 8. e4 dxe4 9. dxe4 Bc5 10. Nbd2 O-O 11. a4 Qc7 12. Nh4 Rfe8 13. Nb3 Bf8 14. a5 c5 15. Nd2 c4 16. b3 cxb3 17. cxb3 Red8 18. Bb2 Nc5 19. Nc4 Nxb3 20. Ra4 Nd4 21. Nf5 Rac8 22. Nxe5 Ne2+ 23. Kh2 Qc2 24. Qa1 Nc3 25. Rc4 Rxc4 26. Nxc4 Ncxe4 27. Nce3 Qd3 28. g4 Bg6 29. Rd1 Nd2 30. Bxf6 gxf6 31. Qxf6 Re8 32. Nd5 Nf3+ 33. Bxf3 1-0


[Site "https://www.chess.com"]

[Event "Titled Tuesday Blitz September 28 2021"]
[White "Jaracz, Pawel"]
[Black "Vovk, Orest"]
[WhiteFideId "1102222"]
[BlackFideId "14113490"]
[WhiteElo "2495"]
[BlackElo "2203"]
[Result "0-1"]
[Round "01"]
[TimeControl "180+1"]
[Date "2021.09.28"]
[WhiteClock "0:00:15"]
[BlackClock "0:01:05"]

1. e4 Nc6 2. Nf3 d5 3. exd5 Qxd5 4. Nc3 Qa5 5. Be2 Bg4 6. O-O O-O-O 7. d3 e6 8. h3 Bh5 9. Bd2 Nf6 10. Ne4 Qd5 11. Ng3 Bg6 12. Be3 Bd6 13. c4 Qa5 14. a3 Bxg3 15. fxg3 Ne5 16. b4 Nxf3+ 17. Rxf3 Qe5 18. Qc1 Bxd3 19. Bd1 Qe4 20. Bf2 Be2 21. Re3 Rxd1+ 22. Qxd1 Bxd1 23. Rxe4 Nxe4 24. Rxd1 Nxf2 25. Kxf2 Rd8 26. Rc1 Rd2+ 27. Kf3 Rd3+ 28. Kf4 Rxa3 29. c5 Ra4 30. Rc4 a5 0-1


[Site "https://www.chess.com"]

[Event "Titled Tuesday Blitz September 28 2021"]
[White "Jary, Sergey"]
[Black "Samsonkin, Artiom"]
[WhiteFideId "14110350"]
[BlackFideId "13503111"]
[WhiteElo "2260"]
[BlackElo "2513"]
[Result "1-0"]
[Round "01"]
[TimeControl "180+1"]
[Date "2021.09.28"]
[WhiteClock "0:00:03"]
[BlackClock "0:00:06"]

1. e4 c5 2. Nf3 d6 3. d4 cxd4 4. Nxd4 Nf6 5. f3 a6 6. c4 e5 7. Nc2 Be6 8. Nc3 Nbd7 9. Ne3 Rc8 10. Ned5 Bxd5 11. cxd5 Be7 12. Be3 O-O 13. Qd2 Qa5 14. Be2 Bd8 15. a3 Bb6 16. O-O Bxe3+ 17. Qxe3 Qb6 18. Qxb6 Nxb6 19. Rac1 Rc7 20. Na2 Rfc8 21. Kf2 Rc2 22. Rxc2 Rxc2 23. Rb1 Na4 24. b3 Nc5 25. Nb4 Rc3 26. Bd1 h5 27. Ke2 Ncd7 28. Kd2 Rc7 29. Nd3 h4 30. Rc1 Rxc1 31. Kxc1 g5 32. Kd2 Nh5 33. Ke3 Kf8 34. b4 Ke7 35. Bb3 Nf4 36. Nxf4 exf4+ 37. Kd4 Ne5 38. h3 g4 39. fxg4 Nxg4 40. hxg4 f3 41. Ke3 fxg2 42. Kf2 h3 43. Bd1 Kf6 44. Bf3 Kg5 45. e5 dxe5 46. a4 Kf6 47. a5 Ke7 48. d6+ Kxd6 49. Bxb7 Ke6 50. Bxa6 Kd5 51. Bb7+ Kd4 52. Bxg2 e4 53. Bxh3 Kc4 54. Ke3 Kxb4 55. a6 Kc5 56. a7 Kd6 57. a8=Q Ke7 58. Qxe4+ 1-0


[Site "https://www.chess.com"]

[Event "Titled Tuesday Blitz September 28 2021"]
[White "Jobava, Baadur"]
[Black "Pajeken, Jakob Leon"]
[WhiteFideId "13601520"]
[BlackFideId "12942839"]
[WhiteElo "2731"]
[BlackElo "2351"]
[Result "1-0"]
[Round "01"]
[TimeControl "180+1"]
[Date "2021.09.28"]
[WhiteClock "0:02:20"]
[BlackClock "0:00:53"]

1. e4 e5 2. Nf3 Nc6 3. Bc4 Bc5 4. b4 Bxb4 5. c3 Be7 6. d4 Na5 7. Bd3 d6 8. O-O Nc6 9. Bb5 exd4 10. cxd4 Bd7 11. Nc3 Nf6 12. e5 dxe5 13. dxe5 Ng4 14. Qe2 h5 15. Rd1 Qc8 16. h3 Nh6 17. Nd5 Bc5 18. Bf4 O-O 19. Bxh6 gxh6 20. Nf6+ 1-0


[Site "https://www.chess.com"]

[Event "Titled Tuesday Blitz September 28 2021"]
[White "Karas, Marek"]
[Black "Har-Zvi, Ronen"]
[WhiteFideId "14928558"]
[BlackFideId "2801485"]
[WhiteElo "2273"]
[BlackElo "2523"]
[Result "1-0"]
[Round "01"]
[TimeControl "180+1"]
[Date "2021.09.28"]
[WhiteClock "0:02:19"]
[BlackClock "0:02:46"]

1. d4 d5 2. Nf3 c6 3. c4 Nf6 4. Nc3 dxc4 5. a4 Bf5 6. e3 e6 7. Bxc4 Nbd7 8. O-O Bb4 9. Qe2 O-O 10. h3 Re8 11. Rd1 Qe7 12. e4 Bg6 13. Bg5 Bxc3 14. bxc3 Bxe4 15. Ne5 Bg6 16. Ra2 1-0


[Site "https://www.chess.com"]

[Event "Titled Tuesday Blitz September 28 2021"]
[White "Kollars, Dmitrij"]
[Black "Vivas Zamora, Fabian Ernesto"]
[WhiteFideId "12909572"]
[BlackFideId "3902480"]
[WhiteElo "2584"]
[BlackElo "1966"]
[Result "1-0"]
[Round "01"]
[TimeControl "180+1"]
[Date "2021.09.28"]
[WhiteClock "0:00:44"]
[BlackClock "0:00:02"]

1. Nf3 Nf6 2. d4 g6 3. Nbd2 c5 4. dxc5 Na6 5. e4 Nxc5 6. e5 Nfe4 7. Nxe4 Nxe4 8. Bc4 Qa5+ 9. c3 Qc5 10. Qd4 Qxd4 11. cxd4 e6 12. Be3 d5 13. Bd3 Bd7 14. Ke2 Be7 15. Ne1 f6 16. f3 Ng5 17. exf6 Bxf6 18. Nc2 Nf7 19. Rac1 Ke7 20. Na3 Rhc8 21. Nb5 a6 22. Nc3 Nd6 23. Kf2 Nc4 24. b3 Nxe3 25. Kxe3 Kd6 26. f4 g5 27. g3 h5 28. Ne2 h4 29. gxh4 gxh4 30. Rxc8 Rxc8 31. Rg1 Ke7 32. Rg6 Rh8 33. Ng1 Kf7 34. Rg2 Bb5 35. Bxb5 axb5 36. Rc2 Ra8 37. Nf3 Kg6 38. h3 Kf5 39. Nh2 Rg8 40. Ng4 Rxg4 41. hxg4+ Kxg4 42. Rg2+ Kf5 43. Rg8 h3 44. Rg3 h2 45. Rh3 Kg4 46. Rxh2 Bh4 47. Rc2 Bg3 48. Rc5 Bxf4+ 49. Kd3 b4 50. Rb5 Bd6 51. Rb6 Be7 52. Rxe6 Bf8 53. Rb6 1-0


[Site "https://www.chess.com"]

[Event "Titled Tuesday Blitz September 28 2021"]
[White "Kotepalli, Sai Nirupama"]
[Black "Indjic, Aleksandar"]
[WhiteFideId "5039444"]
[BlackFideId "911925"]
[WhiteElo "2438"]
[BlackElo "2643"]
[Result "0-1"]
[Round "01"]
[TimeControl "180+1"]
[Date "2021.09.28"]
[WhiteClock "0:00:44"]
[BlackClock "0:01:15"]

1. e4 d5 2. exd5 Qxd5 3. d4 e5 4. dxe5 Qxd1+ 5. Kxd1 Nc6 6. Nf3 Bg4 7. Bd3 O-O-O 8. Ke2 Nxe5 9. Be3 Bxf3+ 10. gxf3 Nxd3 11. cxd3 g6 12. Nd2 Bg7 13. Nc4 Ne7 14. Rac1 b6 15. a4 Kb7 16. Rhd1 Rhe8 17. f4 Nf5 18. Kf3 Rd7 19. b4 a6 20. a5 b5 21. Nd2 Rxd3 22. Ne4 Rxd1 23. Nc5+ Kc6 24. Rxd1 Bf8 25. Nxa6 Nxe3 26. fxe3 Kb7 27. Nc5+ Bxc5 28. bxc5 Kc6 29. Rc1 Ra8 30. Ke4 f6 31. Rd1 Rxa5 32. Rd8 b4 33. Rh8 Rxc5 34. Kd3 b3 35. e4 b2 36. Rb8 Rb5 37. Rxb5 Kxb5 38. Kc2 Kc5 39. Kxb2 Kd4 0-1


[Site "https://www.chess.com"]

[Event "Titled Tuesday Blitz September 28 2021"]
[White "Kovalchuk94"]
[Black "Kiltti, Jyrki"]
[BlackFideId "501204"]
[WhiteElo "2689"]
[BlackElo "2245"]
[Result "1-0"]
[Round "01"]
[TimeControl "180+1"]
[Date "2021.09.28"]
[WhiteClock "0:02:41"]
[BlackClock "0:01:20"]

1. d4 Nc6 2. d5 Ne5 3. e4 Ng6 4. f4 e5 5. dxe6 fxe6 6. Nf3 Bc5 7. Bd3 Nf6 8. Qe2 O-O 9. Nc3 d5 10. e5 Nh5 11. g3 c6 12. Bd2 b5 13. O-O-O a5 14. Ng5 Nhxf4 15. gxf4 Nxf4 16. Bxf4 Rxf4 17. Bxh7+ Kf8 18. h4 Be7 19. Qh5 Qe8 20. Bg6 1-0


[Site "https://www.chess.com"]

[Event "Titled Tuesday Blitz September 28 2021"]
[White "Kovalev, Vladislav"]
[Black "Horak, Martin"]
[WhiteFideId "13504398"]
[BlackFideId "367095"]
[WhiteElo "2573"]
[BlackElo "1997"]
[Result "1-0"]
[Round "01"]
[TimeControl "180+1"]
[Date "2021.09.28"]
[WhiteClock "0:00:21"]
[BlackClock "0:00:05"]

1. e4 e5 2. Nf3 Nc6 3. Bc4 Nf6 4. Ng5 d5 5. exd5 Na5 6. Bb5+ c6 7. dxc6 bxc6 8. Bd3 Nd5 9. Nf3 Bd6 10. O-O Nf4 11. Nc3 Nxd3 12. cxd3 O-O 13. b3 c5 14. Ne4 Nc6 15. Ba3 Nb4 16. Bxb4 cxb4 17. Nxd6 Qxd6 18. Qe2 f6 19. d4 Ba6 20. d3 exd4 21. Rfe1 Rac8 22. Nd2 Rc2 23. Rec1 Rc3 24. Ne4 Rxc1+ 25. Rxc1 Qe6 26. Qf3 Rc8 27. Rxc8+ Qxc8 28. g4 Bb7 29. h3 Qd7 30. Qf4 Bxe4 31. Qxe4 Kf7 32. Qxh7 Qe6 33. Qe4 Qd6 34. h4 Kg8 35. h5 a5 36. Qe8+ Kh7 37. Qg6+ Kg8 38. h6 Qe7 39. Qxg7+ Qxg7 40. hxg7 Kxg7 41. Kg2 Kg6 42. f4 f5 43. Kf3 Kf6 44. Kg3 Kg6 45. gxf5+ Kxf5 46. Kf3 Kf6 47. Ke4 Ke6 48. Kxd4 Kf5 49. Ke3 1-0


[Site "https://www.chess.com"]

[Event "Titled Tuesday Blitz September 28 2021"]
[White "Kubatko, Ivan"]
[Black "Quparadze, Giga"]
[WhiteFideId "24111473"]
[BlackFideId "13602250"]
[WhiteElo "2285"]
[BlackElo "2658"]
[Result "0-1"]
[Round "01"]
[TimeControl "180+1"]
[Date "2021.09.28"]
[WhiteClock "0:00:01"]
[BlackClock "0:01:20"]

1. e4 c5 2. c3 d5 3. exd5 Qxd5 4. d4 Nc6 5. Nf3 Bg4 6. Be2 e6 7. h3 Bh5 8. O-O Nf6 9. Na3 Be7 10. Nb5 O-O-O 11. Qa4 cxd4 12. Nxa7+ Nxa7 13. Qxa7 d3 14. Rd1 Bc5 15. Qa8+ Kc7 16. Bf4+ e5 17. Qa5+ Kc8 18. Qa8+ Kc7 19. Bxe5+ Kb6 20. Qa4 Ra8 21. Qf4 Rxa2 22. Bc7+ Kc6 23. Rxa2 Qxa2 24. Bxd3 Qb3 25. Be4+ Nxe4 26. Qxe4+ Kxc7 27. Qe5+ Kb6 28. Rd6+ Bxd6 29. Qxd6+ Ka7 30. Nd4 Qb6 31. Qe7 Rc8 32. Qa3+ Kb8 33. Qe7 Qc7 34. Qb4 Bg6 35. Nb5 Qc5 0-1


[Site "https://www.chess.com"]

[Event "Titled Tuesday Blitz September 28 2021"]
[White "Kuegel, Tobias"]
[Black "Samadov, Read"]
[WhiteFideId "4636295"]
[BlackFideId "13417444"]
[WhiteElo "2408"]
[BlackElo "2084"]
[Result "1/2-1/2"]
[Round "01"]
[TimeControl "180+1"]
[Date "2021.09.28"]
[WhiteClock "0:00:14"]
[BlackClock "0:00:08"]

1. e4 c5 2. c4 Nc6 3. Ne2 Nf6 4. Nbc3 e5 5. d3 Be7 6. g3 O-O 7. Bg2 d6 8. O-O a6 9. Nd5 b5 10. b3 bxc4 11. bxc4 Rb8 12. Bd2 Nxd5 13. cxd5 Nd4 14. Nxd4 cxd4 15. Qa4 Rb2 16. Ba5 Qd7 17. Qa3 Qb5 18. Bc7 Rd2 19. Rfd1 Rxd1+ 20. Rxd1 Bg4 21. f3 Qd7 22. Ba5 Bh3 23. Bd2 Bxg2 24. Kxg2 Qb5 25. Qb3 Qxb3 26. axb3 Rb8 27. b4 Rc8 28. Rc1 Rxc1 29. Bxc1 Kf8 30. Kf2 Ke8 31. Ke2 Kd7 32. Kd1 Kc7 33. Kc2 Kb6 34. Kb3 Kb5 35. Bd2 g6 36. g4 Bh4 37. h3 Bf2 38. Ka3 Be3 39. Be1 Bf4 40. Kb3 Bc1 41. Kc2 Be3 42. Kb3 h6 43. Ka3 Bf4 44. Kb3 Bg5 45. Ka3 Bd8 46. Kb3 h5 47. Bd2 hxg4 48. hxg4 Bh4 49. Ka3 f6 50. Kb3 g5 51. Ka3 Bf2 52. Kb3 Bg3 53. Ka3 Bh2 54. Kb3 Bg1 55. Ka3 Be3 56. Be1 Bc1+ 57. Kb3 Bf4 58. Ka3 Be3 59. Kb3 Bc1 60. Kc2 Bf4 61. Kb3 Bh2 62. Bd2 Bg1 63. Ka3 Bf2 64. Kb3 Be3 65. Be1 Bf4 66. Ka3 Bh2 67. Kb3 Bf4 1/2-1/2


[Site "https://www.chess.com"]

[Event "Titled Tuesday Blitz September 28 2021"]
[White "Lehtosaari, Mauri"]
[Black "Khanin, Semen"]
[WhiteFideId "501999"]
[BlackFideId "4111990"]
[WhiteElo "2424"]
[BlackElo "2449"]
[Result "1-0"]
[Round "01"]
[TimeControl "180+1"]
[Date "2021.09.28"]
[WhiteClock "0:00:25"]
[BlackClock "0:00:45"]

1. d4 Nf6 2. Nf3 g6 3. Bg5 Bg7 4. Nbd2 d5 5. e3 O-O 6. Be2 c5 7. c3 b6 8. O-O Ba6 9. Bxa6 Nxa6 10. a4 Nc7 11. Qb3 Ne6 12. Bh4 Qd7 13. Ne5 Qb7 14. a5 c4 15. Qb4 Rfe8 16. h3 Nd7 17. Nxd7 Qxd7 18. Bg3 b5 19. a6 Nc7 20. Bxc7 Qxc7 21. e4 e6 22. Rfe1 Qc6 23. Ra5 Rab8 24. Raa1 Bf8 25. Qa5 b4 26. Nf3 dxe4 27. Ne5 Qd5 28. Qxd5 exd5 29. Nd7 bxc3 30. bxc3 Bh6 31. Nxb8 Rxb8 32. Reb1 Ra8 33. Rb5 Bd2 34. Ra3 Bc1 35. Ra2 e3 36. fxe3 Bxe3+ 37. Kf1 Bf4 38. Rxd5 Bg3 39. Rc5 h5 40. Rxc4 h4 41. Ke2 Re8+ 42. Kd3 f5 43. d5 Kf7 44. Rc6 g5 45. Re2 Rb8 46. d6 g4 47. Re7+ Kf6 48. Rxa7 gxh3 49. gxh3 Rd8 50. c4 f4 51. Ke4 Re8+ 52. Kf3 Re3+ 53. Kg4 Rd3 54. d7+ Ke7 55. Rc8 f3 56. d8=Q+ Ke6 57. Qxd3 1-0


[Site "https://www.chess.com"]

[Event "Titled Tuesday Blitz September 28 2021"]
[White "Leitao, Rafael"]
[Black "Bethke, Richard"]
[WhiteFideId "2101246"]
[BlackFideId "12959243"]
[WhiteElo "2609"]
[BlackElo "2384"]
[Result "1-0"]
[Round "01"]
[TimeControl "180+1"]
[Date "2021.09.28"]
[WhiteClock "0:00:52"]
[BlackClock "0:01:10"]

1. c4 f5 2. g3 Nf6 3. Bg2 e6 4. Nc3 d5 5. d4 Bd6 6. Nf3 O-O 7. O-O c6 8. b3 Ne4 9. Bb2 Nd7 10. e3 b6 11. Rc1 Bb7 12. Ne2 g5 13. Ne5 Nxe5 14. dxe5 Be7 15. Nd4 Qd7 16. f3 Nc5 17. b4 Na6 18. cxd5 cxd5 19. a3 Rac8 20. Qb3 Kf7 21. e4 Rxc1 22. Rxc1 dxe4 23. fxe4 Bxe4 24. Bxe4 fxe4 25. Nxe6 Ke8 26. Nxf8 Bxf8 27. Rd1 Qg4 28. Qa4+ Ke7 29. Re1 Nc7 30. Qxa7 Kd8 31. Qxb6 Qf3 32. Rf1 1-0


[Site "https://www.chess.com"]

[Event "Titled Tuesday Blitz September 28 2021"]
[White "Lysyj, Igor"]
[Black "Pourkashiyan, Atousa"]
[WhiteFideId "4150120"]
[BlackFideId "12502014"]
[WhiteElo "2660"]
[BlackElo "2285"]
[Result "1-0"]
[Round "01"]
[TimeControl "180+1"]
[Date "2021.09.28"]
[WhiteClock "0:01:14"]
[BlackClock "0:00:16"]

1. d4 Nf6 2. c4 e6 3. Nf3 d5 4. g3 Be7 5. Bg2 O-O 6. b3 c5 7. O-O Nc6 8. cxd5 exd5 9. Bb2 Bg4 10. Ne5 Be6 11. Nxc6 bxc6 12. dxc5 Bxc5 13. Nc3 Qe7 14. Rc1 Ba3 15. Qd2 Bxb2 16. Qxb2 Rac8 17. Na4 c5 18. Qa3 Nd7 19. e3 Rfe8 20. Rfd1 Qd6 21. Nc3 Nb6 22. Nb5 Qb8 23. Qxa7 Qxa7 24. Nxa7 Ra8 25. Nb5 c4 26. Nc7 cxb3 27. axb3 Rec8 28. Nxa8 Rxa8 29. Rc6 Nd7 30. Bxd5 Bxd5 31. Rxd5 Nf6 32. Rd4 h5 33. h3 Ra1+ 34. Kg2 Ra2 35. b4 Rb2 36. Rc8+ Kh7 37. Rc5 Kg6 38. b5 Rb1 39. g4 hxg4 40. hxg4 Kh6 41. g5+ 1-0


[Site "https://www.chess.com"]

[Event "Titled Tuesday Blitz September 28 2021"]
[White "Malicka, Maria"]
[Black "Lukovic, Vladimir"]
[WhiteFideId "1197576"]
[BlackFideId "942952"]
[WhiteElo "1903"]
[BlackElo "2436"]
[Result "0-1"]
[Round "01"]
[TimeControl "180+1"]
[Date "2021.09.28"]
[WhiteClock "0:01:10"]
[BlackClock "0:00:25"]

1. e4 e5 2. Nf3 Nc6 3. Nc3 Nf6 4. d4 exd4 5. Nxd4 Bb4 6. Nxc6 bxc6 7. Bd3 O-O 8. O-O Re8 9. Bg5 h6 10. Bh4 Rb8 11. Qf3 Be7 12. b3 d6 13. Rad1 Nd7 14. Bxe7 Qxe7 15. Rfe1 Qg5 16. Qg3 Qxg3 17. hxg3 Nc5 18. Bf1 a5 19. a4 Bg4 20. f3 Be6 21. Ne2 Bd7 22. Kf2 g6 23. Nf4 Kg7 24. Be2 Ne6 25. Bd3 c5 26. Nd5 Bc6 27. Rh1 Nd4 28. Nxc7 Re7 29. Nd5 Bxd5 30. exd5 Re5 31. f4 Re7 32. Rhe1 Rxe1 33. Rxe1 Kf6 34. g4 g5 35. f5 Rh8 36. Rh1 Ke5 37. Ke3 Kf6 38. Kd2 Kg7 39. Kc1 Re8 40. Kd2 Re5 41. Re1 Kf6 42. Rxe5 Kxe5 43. Ke3 f6 44. g3 Kxd5 45. Kd2 Nc6 46. Ke3 Ke5 47. Be4 d5 48. Bf3 Nb4 49. Kd2 Nc6 50. c3 Nb8 51. Bh1 Nd7 52. Bg2 Kd6 53. Kd3 Ne5+ 54. Kd2 Nxg4 55. Bf1 Ne5 56. Bb5 Nf7 57. Be8 Ke7 58. Bc6 Kd6 59. Be8 Nd8 60. Ke3 Ke5 61. Bd7 Nb7 62. Bc8 Nd6 63. Kd3 Nxc8 0-1


[Site "https://www.chess.com"]

[Event "Titled Tuesday Blitz September 28 2021"]
[White "Martins, Vinicius Tine"]
[Black "Lazavik, Denis"]
[WhiteFideId "2112884"]
[BlackFideId "13515110"]
[WhiteElo "2373"]
[BlackElo "2436"]
[Result "0-1"]
[Round "01"]
[TimeControl "180+1"]
[Date "2021.09.28"]
[WhiteClock "0:00:11"]
[BlackClock "0:00:37"]

1. Nf3 d5 2. d4 Nf6 3. c4 e6 4. Nc3 Be7 5. Qc2 O-O 6. Bg5 Nbd7 7. Rd1 h6 8. Bh4 c5 9. dxc5 Nxc5 10. e3 Qa5 11. cxd5 exd5 12. a3 Nce4 13. Rc1 Bg4 14. Nd4 Rac8 15. Nb5 a6 16. b4 Qb6 17. Bxf6 Bxf6 0-1


[Site "https://www.chess.com"]

[Event "Titled Tuesday Blitz September 28 2021"]
[White "Mekhitarian, Krikor Sevag"]
[Black "Nguyen Hong Nhung"]
[WhiteFideId "2107660"]
[BlackFideId "12412201"]
[WhiteElo "2598"]
[BlackElo "1661"]
[Result "1-0"]
[Round "01"]
[TimeControl "180+1"]
[Date "2021.09.28"]
[WhiteClock "0:00:36"]
[BlackClock "0:01:13"]

1. Nf3 f5 2. d3 Nf6 3. Nc3 d6 4. e4 e5 5. Bg5 Be7 6. exf5 Bxf5 7. d4 e4 8. Nh4 Bg4 9. Be2 Bxe2 10. Qxe2 d5 11. Nf5 O-O 12. Nxe7+ Qxe7 13. Nxd5 Qd6 14. Nxf6+ gxf6 15. Bh6 Nc6 16. Qg4+ Kf7 17. Qh5+ Ke6 18. Bxf8 Rxf8 19. d5+ Qxd5 20. Qxd5+ Kxd5 21. O-O-O Kc5 22. Rd7 Rg8 23. g3 h6 24. Rxc7 Kb6 25. Rf7 Rg6 26. Re1 Ne5 27. Re7 Ng4 28. R1xe4 Nxf2 29. R4e6+ Kc5 30. Rxb7 Rg5 31. Rxa7 Kd5 32. Rxf6 Ne4 33. Ra5+ Kd4 34. Rxg5 hxg5 35. Re6 Nc5 36. Rg6 Ne4 37. a4 Ke3 38. a5 Kf2 39. a6 Kg2 40. a7 Kxh2 41. a8=Q Nxg3 42. Qf3 g4 43. Qf2+ Kh1 44. Rh6+ Nh5 45. Rxh5# 1-0


[Site "https://www.chess.com"]